 Dungeon Crawl Stone Soup version 0.25-a0-578-gc91f01c39c (webtiles) character file.

Game seed: 8150816856467550451, levelgen mode: classic

13632 EnegeticOcto the Cleaver (level 11, 92/108 HPs)
             Began as a Deep Dwarf Fighter on Mar 4, 2020.
             Was a Believer of Makhleb.
             Quit the game on level 9 of the Dungeon.
             The game lasted 00:05:27 (6960 turns).

EnegeticOcto the Cleaver (Deep Dwarf Fighter)       Turns: 6960, Time: 00:05:27

Health: 92/108     AC: 19    Str: 23    XL:     11   Next: 78%
Magic:  4/4        EV:  8    Int:  9    God:    Makhleb [**....]
Gold:   542        SH: 15    Dex: 12    Spells: 10/10 levels left

rFire    . . .     SeeInvis +   a - +1 war axe
rCold    . . .     Gourm    .   c - +0 kite shield
rNeg     . . .     Faith    .   w - +0 plate armour of Piosutok {rPois MR- Regen+ Stlth+} (curse)
rPois    +         Spirit   .   m - +1 helmet
rElec    .         Reflect  +   B - +2 cloak
rCorr    .         Harm     .   (no gloves)
MR       .....                  (no boots)
Stlth    ..........             f - +4 amulet of reflection
HPRegen  0.00/turn              h - ring of see invisible
MPRegen  0.09/turn              b - +3 ring of evasion

@: non-regenerating
A: damage resistance, heal wounds, sense surroundings 2, no regeneration
a: Heal Wounds, Minor Destruction, Renounce Religion


You were on level 9 of the Dungeon.
You worshipped Makhleb.
Makhleb was pleased with you.
You were hungry.

You visited 2 branches of the dungeon, and saw 11 of its levels.

You collected 542 gold pieces.

Inventory:

Hand Weapons
 a - a +1 war axe (weapon)
Armour
 c - a +0 kite shield (worn)
 m - a +1 helmet (worn)
 q - a +0 plate armour
 w - the cursed +0 plate armour of Piosutok (worn) {rPois MR- Regen+ Stlth+}
   (You found it on level 10 of the Dungeon)

   It protects you from poison.
   It affects your resistance to hostile enchantments.
   It increases your rate of regeneration.
   It makes you more stealthy.
   If you remove this armour, your AC will decrease by 14 (19 -> 5).
   It has a curse placed upon it.
 B - a +2 cloak (worn)
Jewellery
 b - a +3 ring of evasion (right hand)
 f - a +4 amulet of reflection (around neck)
 h - a ring of see invisible (left hand)
Wands
 k - a wand of polymorph (6)
 o - a wand of scattershot (6)
 u - a wand of paralysis (2)
Scrolls
 d - 4 scrolls of teleportation {@r2}
 i - 2 scrolls of identify {@r1}
 l - a scroll of enchant armour
 n - 2 scrolls of fear
 t - 2 scrolls of enchant weapon
 v - 3 scrolls of remove curse {@r6}
Potions
 j - 3 potions of stabbing {@q5}
 p - 2 potions of ambrosia
 r - a potion of magic
 s - 3 potions of curing {@q1}
 z - a potion of lignification {@q7}
 A - a potion of heal wounds {@q2}
 C - a potion of flight {unknown}
Comestibles
 e - 18 rations
 g - a chunk of flesh


   Skills:
 * Level 10.0 Fighting
 * Level 11.5 Axes
 + Level 8.7 Armour
 + Level 8.8 Shields
 * Level 8.4 Invocations


You had 10 spell levels left.
You didn't know any spells.
Your spell library was empty.

Dungeon Overview and Level Annotations

Branches:
Dungeon (10/15)            Temple (1/1) D:6            Lair (0/6) D:9
    Orc: D:9-12

Altars:
Ashenzari
Cheibriados
Dithmenos
Elyvilon
Fedhas
Gozag
Hepliaklqana
Kikubaaqudgha
Makhleb
Nemelex Xobeh
Okawaru
Qazlal
Ru
Sif Muna
Trog
Uskayaw
Vehumet
Wu Jian
Xom
Yredelemnul
Zin
The Shining One

Shops:
D:6 *(


Innate Abilities, Weirdness & Mutations

You are resistant to damage.
You can heal yourself by infusing magical energy.
You passively map the area around you.
You do not regenerate.


Message History

Some of the chunks of flesh in your inventory have rotted away.
You slash the fire bat!
You kill the fire bat!
Makhleb accepts your kill.
You feel better.
You hit the hell hound. You block the hell hound's attack. x2
You closely miss the hell hound.
The hell hound is almost dead.
You block the hell hound's attack.
You slice the hell hound!!
You kill the hell hound!
Makhleb accepts your kill.
You feel better.
No reachable target in view!
No reachable target in view!
No reachable target in view!
No reachable target in view!
No reachable target in view!
No reachable target in view!
No reachable target in view!
No reachable target in view!
No reachable target in view!
No reachable target in view!
No reachable target in view!
Why would you want to do that?
You fail to use your ability.
The fire vortex closely misses you. The lava snake spits lava at you.
The glob of lava hits you!
Your magical essence is drained by the effort!
You feel much better. You block the lava snake's attack. x2
You see here a bloodstained plate armour.
Your magical essence is drained by the effort!
You feel much better.
The lava snake bites you but does no damage. x2
Your plate armour prevents you from hitting the lava snake.
You hit the lava snake. The lava snake spits lava at you.
The glob of lava hits you! The lava snake spits lava at you.
The glob of lava hits you but does no damage.
You miss the lava snake.
The lava snake is moderately wounded.
You hit the lava snake but do no damage.
You block the lava snake's attack.
The lava snake bites you but does no damage.
You miss the lava snake.
The lava snake is moderately wounded.
You hit the lava snake. You block the lava snake's attack. x2
You slash the lava snake!
You kill the lava snake!
Makhleb accepts your kill.
You hit the lava snake. The lava snake spits lava at you.
The glob of lava hits you!
Your shield and plate armour prevent you from hitting the lava snake.
The lava snake is moderately wounded.
The lava snake bites you but does no damage.
You miss the lava snake.
The lava snake is moderately wounded.
You block the lava snake's attack.
You closely miss the lava snake.
The lava snake is moderately wounded.
You miss the lava snake.
The lava snake is moderately wounded.
The lava snake bites you but does no damage.
You slash the lava snake!
The lava snake is almost dead.
You block the lava snake's attack.
You closely miss the lava snake.
The lava snake is almost dead.
The lava snake spits lava at you.
The glob of lava reflects off an invisible shield around you!
The glob of lava hits the lava snake.
The lava snake partially resists.
You kill the lava snake!
Makhleb accepts your kill.
You feel better.
No reachable target in view!
No reachable target in view!
No reachable target in view!
No reachable target in view!
No reachable target in view!
No reachable target in view!
w - a bloodstained plate armour Why would you want to do that?
Why would you want to do that? Why would you want to do that?
There is an open door here.
You close the door.
You are feeling hungry.
There is a stone staircase leading up here.
You climb upwards.
There is a stone staircase leading down here.
You start removing your armour.
You continue taking off your +0 plate armour. x4
You finish taking off your +0 plate armour.
You start putting on your armour.
You continue putting on your bloodstained plate armour. x5
You finish putting on the cursed +0 plate armour of Piosutok {rPois MR- Regen+ Stlth+}.
Oops, that feels deathly cold.
Are you sure you want to abandon this character and quit the game? (Confirm with "yes".)

#################################
................@..............(.
..........#######................
#######...# #..##########..##
#[..# #..# #..# #######...#
#..##########..#
..[.......#######..............##
..........<......................
............#############.....รท.#
.############...........#######.#


There were no monsters in sight!

Vanquished Creatures
  Gastronok (D:9)
  2 two-headed ogres (D:8)
  Pikel (D:8)
  Maurice (D:8)
  A merfolk (D:10)
  Grinder (D:5)
  A hippogriff (D:10)
  Sigmund (D:2)
  A spriggan (D:10)
  4 fire bats (D:10)
  11 yaks
  3 wargs (D:9)
  A hell hound (D:10)
  A water moccasin (D:9)
  4 orc warriors
  5 sky beasts
  4 slaves (D:8)
  A black bear (D:7)
  3 ice beasts
  2 necrophages
  6 centaurs
  A phantom (D:6)
  7 ogres
  4 bullfrogs
  4 big kobolds
  A gnoll sergeant (D:5)
  4 scorpions
  6 killer bees (D:9)
  A water moccasin skeleton (D:4)
  5 wights (D:9)
  A howler monkey (D:5)
  7 jellies
  8 crimson imps
  A quasit (D:9)
  A bullfrog zombie (D:6)
  2 lava snakes (D:10)
  A centaur zombie (D:9)
  2 centaur skeletons
  11 orc priests
  A bullfrog skeleton (D:4)
  8 hounds
  9 orc wizards
  Ijyb (D:3)
  2 iguanas
  8 worker ants
  A worker ant zombie (D:9)
  Robin (D:4)
  11 gnolls
  6 adders
  4 shadow imps
  3 oozes
  An adder skeleton (D:5)
  An adder zombie (D:6)
  2 worms
  6 leopard geckos
  39 orcs
  A ball python (D:2)
  9 bats
  5 giant cockroaches
  15 goblins
  6 hobgoblins
  7 jackals
  16 kobolds
  3 quokkas
  6 frilled lizards
  2 quokka zombies
  4 rats
300 creatures vanquished.

Vanquished Creatures (others)
  2 centaurs
  2 goblins (D:4)
  A fire vortex (D:10)
5 creatures vanquished.

Grand Total: 305 creatures vanquished

Notes
Turn   | Place    | Note
-------+----------+-------------------------------------------
     0 | D:1      | EnegeticOcto the Deep Dwarf Fighter began the quest for the
                  | Orb.
     0 | D:1      | Reached XP level 1. HP: 20/20 MP: 1/1
   459 | D:2      | Reached XP level 2. HP: 27/27 MP: 2/2
   532 | D:2      | Reached XP level 3. HP: 17/34 MP: 3/3
   541 | D:2      | Reached skill level 3 in Axes
   593 | D:2      | Reached XP level 4. HP: 37/42 MP: 3/3
   765 | D:3      | Noticed Ijyb
   771 | D:3      | Killed Ijyb
   771 | D:3      | Reached XP level 5. HP: 40/50 MP: 4/4
   819 | D:4      | Reached skill level 4 in Axes
   988 | D:4      | Found a sparkling altar of Nemelex Xobeh.
  1087 | D:4      | Noticed Robin
  1108 | D:4      | Killed Robin
  1320 | D:4      | Reached XP level 6. HP: 53/57 MP: 5/5
  1417 | D:4      | Found a blossoming altar of Fedhas.
  1552 | D:5      | Entered Level 5 of the Dungeon
  1552 | D:5      | Noticed a sky beast
  1552 | D:5      | Noticed a sky beast
  1555 | D:5      | Noticed Grinder
  1566 | D:5      | Killed a sky beast
  1566 | D:5      | Reached skill level 5 in Axes
  1567 | D:5      | Killed a sky beast
  1567 | D:5      | Reached XP level 7. HP: 41/66 MP: 5/5
  1575 | D:5      | Reached skill level 5 in Fighting
  1602 | D:5      | Reached skill level 5 in Shields
  1606 | D:5      | Paralysed by Grinder for 5 turns
  1617 | D:5      | Reached skill level 6 in Axes
  1617 | D:5      | Reached skill level 5 in Armour
  1637 | D:5      | Paralysed by Grinder for 7 turns
  1652 | D:5      | Killed Grinder
  1652 | D:5      | Reached XP level 8. HP: 56/75 MP: 2/2
  1851 | D:5      | Reached skill level 7 in Axes
  2192 | D:6      | Found a stormy altar of Qazlal.
  2397 | D:6      | Found a staircase to the Ecumenical Temple.
  2408 | Temple   | Entered the Ecumenical Temple
  2610 | D:6      | Found Qaji's Weapon Emporium.
  2702 | D:6      | Found Hauhiwum's Assorted Antiques.
  2715 | D:6      | Gained mutation: You passively map the area around you.
                  | [Deep Dwarf growth]
  2715 | D:6      | Reached XP level 9. HP: 70/85 MP: 2/2
  2968 | D:6      | Reached skill level 8 in Axes
  3263 | D:7      | Reached skill level 9 in Axes
  4396 | D:2      | Found a burning altar of Makhleb.
  4445 | D:2      | Noticed Sigmund
  4464 | D:2      | Killed Sigmund
  4490 | D:2      | Became a worshipper of Makhleb the Destroyer
  4625 | D:8      | Noticed a two-headed ogre
  4635 | D:8      | Noticed a two-headed ogre
  4639 | D:8      | Killed a two-headed ogre
  4639 | D:8      | Reached XP level 10. HP: 75/97 MP: 1/3
  4650 | D:8      | Killed a two-headed ogre
  4717 | D:8      | Noticed Maurice
  4738 | D:8      | Killed Maurice
  4738 | D:8      | Reached skill level 10 in Axes
  4872 | D:8      | Noticed Pikel
  4892 | D:8      | Killed Pikel
  4967 | D:8      | Found a sacrificial altar of Ru.
  5016 | D:8      | Reached skill level 5 in Invocations
  5292 | D:9      | Reached * piety under Makhleb
  5460 | D:9      | Reached XP level 11. HP: 59/106 MP: 6/6
  5515 | D:9      | Found a staircase to the Lair.
  5525 | D:9      | Noticed Gastronok
  5581 | D:9      | Killed Gastronok
  5613 | D:9      | Reached skill level 11 in Axes
  5671 | D:9      | Reached ** piety under Makhleb
  5937 | D:9      | Found a shattered altar of Ashenzari.
  5938 | D:9      | Found a bloodstained altar of Trog.
  6071 | D:10     | Entered Level 10 of the Dungeon
  6880 | D:10     | Reached skill level 10 in Fighting
  6926 | D:10     | Got a bloodstained plate armour
  6960 | D:9      | Identified the cursed +0 plate armour of Piosutok {rPois
                  | MR- Regen+ Stlth+} (You found it on level 10 of the
                  | Dungeon)
  6960 | D:9      | Quit the game

Levels and vault maps discovered:
D:1:      eino_arrival_cavern_d, layout_loops_ring
D:2:      layout_basic, marbit_many_paths, first_ration, uniq_sigmund
D:3:      layout_basic, uniq_ijyb
D:4:      kennysheep_goblin_castle, layout_rooms, lemuel_round_altar,
          nemelex_altar_shiori
D:5:      layout_cave_pools, uniq_grinder
D:6:      layout_basic, nicolae_qazlal_general_emergency,
          minmay_temple_entry_offerings, serial_shops, shop, shop
D:7:      layout_loops_cross
D:8:      layout_gridville, basic_altar, uniq_pikel, uniq_maurice
D:9:      kennysheep_spiral_hall, layout_long_grid,
          gammafunk_temple_overflow_statue, erik_lair_orcish_takeover,
          uniq_gastronok
D:10:     layout_stronghold, hangedman_stone_soup, hangedman_incinerator
Temple:   regret_index_temple_sphere_string

Skill      XL: |  1  2  3  4  5  6  7  8  9 10 11 |
---------------+----------------------------------+-----
Fighting       | 3 4 5 6 8 9 10 | 10.0
Axes           | 3 4 5 6 7 9 10 11 | 11.5
Armour         | 4 5 6 7 8 |  8.7
Shields        | 4 5 6 7 8 |  8.8
Invocations    | 2 5 8 |  8.4

Action                   |  1- 3 |  4- 6 |  7- 9 | 10-12 || total
-------------------------+-------+-------+-------+-------++-------
Melee: War axe           |    65 |   125 |   414 |   425 ||  1029
 Abil: Heal Wounds       |     2 |     3 |    17 |    15 ||    37
  Use: Scroll            |       |     4 |       |    12 ||    16
  Eat: Chunk             |       |     2 |    10 |     9 ||    21
Armor: Scale mail        |    41 |    14 |       |       ||    55
       Plate armour      |       |    81 |   207 |   227 ||   515
Dodge: Dodged            |    34 |    45 |   114 |   124 ||   317
Block: Kite shield       |    87 |   126 |   371 |   407 ||   991
       Reflection        |     1 |     8 |     8 |    10 ||    27

Table legend:
 A = Non-vault XP
 B = Vault XP
 C = Vault XP percentage of total XP
 D = Non-vault monster count
 E = Vault monster count
 F = Vault count percentage of total count
                 A         B        C        D         E       F
            +---------+---------+-------+---------+---------+-------
      Total |   13098 |    6377 |  32.7 |     251 |      49 |  16.3
            +---------+---------+-------+---------+---------+-------
        D:1 |       8 |       0 |   0.0 |       4 |       0 |   0.0
        D:2 |      91 |     240 |  72.5 |      15 |       2 |  11.8
        D:3 |     172 |      36 |  17.3 |      27 |       1 |   3.6
        D:4 |     213 |      50 |  19.0 |      13 |      21 |  61.8
        D:5 |    1544 |     272 |  15.0 |      51 |       1 |   1.9
        D:6 |     898 |       0 |   0.0 |      19 |       0 |   0.0
        D:7 |    1957 |       0 |   0.0 |      35 |       0 |   0.0
        D:8 |    2842 |    1120 |  28.3 |      23 |       2 |   8.0
        D:9 |    2368 |    2988 |  55.8 |      38 |      11 |  22.4
       D:10 |    3005 |    1671 |  35.7 |      26 |      11 |  29.7
            +---------+---------+-------+---------+---------+-------
